 Dungeon Crawl Stone Soup version 0.27-a0-1312-g5cdb2b3542 (webtiles) character file.

Game seed: 15783540108849003688

42184 Zonian the Destroyer (level 14, -24/84 HPs)
             Began as a Tengu Conjurer on June 19, 2021.
             Was an Elder of Vehumet.
             Killed from afar by Azrael (29 damage)
             ... with a bolt of fire
             ... on level 12 of the Dungeon.
             The game lasted 01:21:53 (43006 turns).

Zonian the Destroyer (Tengu Conjurer)              Turns: 43006, Time: 01:21:53

Health: -24/84     AC:  8    Str:  7    XL:     14   Next: 18%
Magic:  30/37      EV: 20    Int: 21    God:    Vehumet [****..]
Gold:   518        SH:  6    Dex: 14    Spells: 9/31 levels left

rFire    . . .     SeeInvis .   r - +0 whip (venom)
rCold    + + .     Faith    .   J - +1 buckler
rNeg     . . .     Spirit   .   a - +2 robe {Will+}
rPois    .         Reflect  .   (helmet restricted)
rElec    .         Harm     .   y - scarf {shadows}
rCorr    +         Rampage  .   (no gloves)
Will     ++...                  (boots unavailable)
Stlth    ++++......             K - amulet of the acrobat
HPRegen  0.24/turn              W - +4 ring of protection
MPRegen  0.25/turn              v - ring "Lexzoat" {rC++ rCorr MP+9 Int-2}

@: about to teleport, flying quickly and evasively, quick
A: beak, talons 3, nimble flight
a: Renounce Religion


You were on level 12 of the Dungeon.
You worshipped Vehumet.
Vehumet was greatly pleased with you.
You visited 3 branches of the dungeon, and saw 19 of its levels.

You collected 1574 gold pieces.
You spent 1056 gold pieces at shops.

Inventory:

Hand Weapons
 r - a +0 whip of venom (weapon)
 A - a +0 lajatang
 G - a +1 dagger of flaming
Missiles
 S - 2 throwing nets
Armour
 a - a +2 robe of willpower (worn)
 y - a scarf of shadows (worn)
 J - a +1 buckler (worn)
Magical Staves
 F - a staff of air
Jewellery
 i - an amulet of guardian spirit
 p - a ring of protection from cold
 u - a ring of protection from fire
 v - the ring "Lexzoat" (right hand) {rC++ rCorr MP+9 Int-2}
   (You found it on level 6 of the Dungeon)

   [ring of magical power]

   It affects your intelligence (-2).
   It greatly protects you from cold.
   It affects your magic capacity (+9).
   It protects you from acid and corrosion.
 x - the ring of Zaergh {*Slow rElec rC+++ Will+ Stlth+}
   (You acquired it on level 9 of the Dungeon)

   [ring of willpower]

   It renders you almost immune to cold.
   It insulates you from electricity.
   It may slow you when you take damage.
   It increases your willpower.
   It makes you more stealthy.
 E - a ring of resist corrosion
 H - a ring of poison resistance
 K - an amulet of the acrobat (around neck)
 O - a ring of wizardry
 W - a +4 ring of protection (left hand)
 Z - a +6 ring of strength
Wands
 z - a wand of paralysis (17)
 B - a wand of charming (5)
 D - a wand of flame (40)
 L - a wand of mindburst (44)
 N - a wand of iceblast (8)
Scrolls
 h - 2 scrolls of teleportation
 k - 2 scrolls of immolation
 w - a scroll of magic mapping
 I - a scroll of enchant armour
 P - a scroll of fog
 U - a scroll of silence
 V - a scroll of identify
Potions
 b - a potion of invisibility
 f - 3 potions of haste
 g - 4 potions of lignification
 l - 3 potions of brilliance
 m - 4 potions of curing
 q - 2 potions of berserk rage
 t - 2 potions of might
 C - a potion of resistance
 Q - a potion of magic
 R - 3 potions of heal wounds
 T - a potion of ambrosia
Miscellaneous
 M - a tin of tremorstones (inert)


   Skills:
 + Level 8.1 Fighting
 - Level 3.1 Short Blades
 - Level 3.0 Armour
 + Level 9.8 Dodging
 + Level 9.6 Stealth
 - Level 4.0 Shields
 + Level 9.0 Spellcasting
 + Level 13.2 Conjurations
 - Level 5.5 Hexes
 + Level 2.3 Summonings
 + Level 6.5 Translocations
 + Level 2.4 Air Magic
 + Level 2.8 Poison Magic
 + Level 5.4 Evocations


You had 9 spell levels left.
You knew the following spells:

 Your Spells              Type           Power      Damage    Failure   Level
a - Magic Dart            Conj           100%       1d8       1%          1
b - Searing Ray           Conj           100%       3d7       1%          2
c - Dazzling Flash        Conj/Hex       96%        N/A       1%          3
d - Fulminant Prism       Conj/Hex       24%        3d13      1%          4
e - Iskenderun's Mystic   Conj/Tloc      50%        2d11      1%          4
f - Olgreb's Toxic Radia  Pois           21%        N/A       6%          4
g - Summon Lightning Spi  Summ/Air       19%        N/A       26%         4

Your spell library contained the following spells:

 Spells                   Type           Power      Damage    Failure   Level
 Iskenderun's Battlesphe  Conj           60%        2d11      1%          5
 Gell's Gravitas          Tloc           18%        N/A       1%          3
 Summon Small Mammal      Summ           76%        N/A       2%          1
 Confusing Touch          Hex            32%        N/A       2%          3
 Call Imp                 Summ           19%        N/A       4%          2
 Summon Guardian Golem    Hex/Summ       26%        N/A       4%          3
 Call Canine Familiar     Summ           19%        N/A       9%          3
 Yara's Violent Unravell  Hex/Tmut       10%        3d6       17%         5
 Summon Ice Beast         Ice/Summ       14%        N/A       41%         4
 Metabolic Englaciation   Hex/Ice        10%        N/A       54%         5
 Petrify                  Tmut/Erth      9%         N/A       56%         4


Dungeon Overview and Level Annotations

Branches:
Dungeon (12/15)            Temple (1/1) D:5            Lair (6/6) D:9
  Swamp (0/4) Lair:4       Spider (0/4) Lair:3        Slime (0/5) Lair:5
    Orc (0/2) D:9

Altars:
Ashenzari
Hepliaklqana
Kikubaaqudgha
Makhleb
Okawaru
Trog
Uskayaw
Vehumet
Wu Jian
Yredelemnul
The Shining One
Jiyva

Shops:
D:3 *

Annotations:
D:10 3 runed translucent doors, Sobieck's ghost, journeyman SpBe
D:11 exclusion: ice statue
D:12 Azrael; Rupert
Lair:5 1 runed translucent door


Innate Abilities, Weirdness & Mutations

You have a beak for a mouth.
You have claws for feet.
Your magical nature lets you fly swiftly and evasively.


Message History

Casting: Searing Ray (safe; 1% risk of failure)
Confirm with . or Enter, or press ? or * to list all spells.
Okay, then.
Aiming: Corrosive Bolt
Press: ? - help, Shift-Dir - straight line The bolt of acid hits something!
The acid corrodes something!
Something hits you. Something burns you.
Unknown command.
Aiming: Corrosive Bolt
Press: ? - help, Shift-Dir - straight line The bolt of acid hits something!!
The now-empty wand crumbles to dust.
A fireball appears from out of thin air!
The fireball explodes!
The fireball engulfs you!!
The fireball engulfs something.
You hear an angry buzzing noise.
As you read the scroll of teleportation, it crumbles to dust.
You feel strangely unstable.
You hear an angry buzzing noise.
A damnation appears from out of thin air!
The sphere of damnation explodes!
The damnation engulfs you!!
* * * LOW HITPOINT WARNING * * *
The damnation engulfs something.
Casting: Searing Ray (safe; 1% risk of failure)
Confirm with . or Enter, or press ? or * to list all spells.
Okay, then.
Casting: Searing Ray (safe; 1% risk of failure)
Confirm with . or Enter, or press ? or * to list all spells.
You erupt in a blast of force!
The mystic blast hits something!
You reach down and close the door.
You feel strangely stable.
You feel magically purged.
Okay, then.
As you read the scroll of teleportation, it crumbles to dust.
You feel strangely unstable.
Something unseen opens the door.
Casting: Iskenderun's Mystic Blast (safe; 1% risk of failure)
Confirm with . or Enter, or press ? or * to list all spells.
You erupt in a blast of force!
The mystic blast hits something.
A bolt of fire appears from out of thin air!
The bolt of fire hits you!!
You die...

######### ### ###
#.......### .... ..#
#.......'.###.†...
#.####.......#..@'°†{..
#...##.......#####.....
###..'.......# ##+#
####.......# #########
##


There were no monsters in sight!

Vanquished Creatures
  2 hydras
  A catoblepas (Lair:6)
  2 two-headed ogres
  4 death yaks (Lair:6)
  A deep troll shaman (Lair:6)
  2 bog bodies (Lair:4)
  A lindwurm (Lair:6)
  An ugly thing (D:7)
  A cyclops (D:11)
  5 elephants
  4 black mambas
  A gargoyle (D:6)
  4 rime drakes
  13 cane toads
  An unseen horror (D:11)
  Maggie (D:9)
  A kobold demonologist (D:9)
  9 komodo dragons
  A troll (D:10)
  2 polar bears
  Grinder (D:5)
  Prince Ribbit (D:6)
  5 blink frogs (Lair:6)
  5 dream sheep (Lair:4)
  A meliai zombie (D:11)
  A shadow (D:8)
  3 redbacks (Lair:3)
  24 yaks
  A water elemental (D:11)
  3 wraiths
  3 fire elementals (D:12)
  3 wyverns
  2 basilisks
  10 vampire mosquitoes
  A steam dragon (D:6)
  16 water moccasins
  5 hell hounds (D:12)
  2 orc warriors (D:10)
  3 black bears
  4 sky beasts
  6 ogres
  19 ice beasts
  A necrophage (D:4)
  21 wolves
  2 centaurs
  A phantom (D:6)
  11 bullfrogs
  5 scorpions
  2 water moccasin zombies (D:6)
  A water moccasin skeleton (D:6)
  6 killer bees (D:10)
  8 wights
  5 howler monkeys (D:9)
  9 electric eels
  2 bullfrog zombies
  6 centaur zombies
  4 orc priests
  6 hounds
  2 jellies
  A gnoll shaman (D:10)
  3 centaur skeletons
  5 iguanas
  3 orc wizards
  A killer bee zombie (D:5)
  2 hound skeletons
  A howler monkey zombie (D:10)
  8 gnolls
  7 adders
  A shadow imp (D:8)
  A white imp (D:7)
  2 adder skeletons (D:4)
  3 dart slugs
  23 orcs
  14 endoplasms
  8 giant cockroaches
  9 goblins
  6 hobgoblins
  6 jackals
  6 kobolds
  5 quokkas
  6 ball pythons
  11 bats
  8 rats
408 creatures vanquished.

Vanquished Creatures (collateral kills)
  A hydra (Lair:3)
  A cane toad (Lair:3)
  An ice beast (D:5)
  A necrophage (D:5)
4 creatures vanquished.

Vanquished Creatures (others)
  A bush (Lair:6)
  48 fulminant prisms
  49 fungi
  92 plants
190 creatures vanquished.

Grand Total: 602 creatures vanquished

Notes
Turn   | Place    | Note
-------+----------+-------------------------------------------
     0 | D:1      | Zonian the Tengu Conjurer began the quest for the Orb.
     0 | D:1      | Reached XP level 1. HP: 10/10 MP: 4/4
   221 | D:1      | Reached XP level 2. HP: 15/15 MP: 3/6
   483 | D:1      | Reached skill level 6 in Conjurations
  1019 | D:2      | Reached XP level 3. HP: 19/19 MP: 4/7
  1587 | D:2      | Learned a level 2 spell: Searing Ray
  2586 | D:3      | Reached XP level 4. HP: 24/24 MP: 5/8
  2639 | D:3      | Reached skill level 7 in Conjurations
  2700 | D:3      | Found Woirydol's Assorted Antiques.
  2827 | D:3      | Found a faded altar of an unknown god.
  3998 | D:3      | Noticed an ogre
  4015 | D:3      | Gained mutation: Your magical nature lets you fly swiftly
                  | and evasively. [Tengu growth]
  4015 | D:3      | Reached XP level 5. HP: 26/28 MP: 2/10
  4016 | D:3      | Killed an ogre
  4712 | D:4      | Noticed a necrophage
  4986 | D:3      | Reached XP level 6. HP: 17/32 MP: 1/12
  5585 | D:4      | Killed a necrophage
  5586 | D:4      | Reached skill level 1 in Short Blades
  6445 | D:4      | Reached XP level 7. HP: 37/37 MP: 10/13
  7072 | D:5      | Entered Level 5 of the Dungeon
  7109 | D:5      | Reached skill level 8 in Conjurations
  7116 | D:5      | Reached skill level 1 in Fighting
  7296 | D:5      | Found a staircase to the Ecumenical Temple.
  7307 | Temple   | Entered the Ecumenical Temple
  7312 | Temple   | Became a worshipper of Vehumet
  7525 | D:5      | Reached XP level 8. HP: 43/43 MP: 8/16
  8005 | D:5      | Reached skill level 5 in Spellcasting
  8053 | D:5      | Noticed Grinder
  8340 | D:5      | Reached skill level 9 in Conjurations
  8350 | D:5      | Learned a level 3 spell: Dazzling Flash
  8355 | D:5      | Learned a level 4 spell: Fulminant Prism
  8360 | D:5      | Learned a level 4 spell: Iskenderun's Mystic Blast
  8875 | D:5      | Killed Grinder
  8876 | D:5      | Reached skill level 1 in Translocations
  9131 | D:5      | Reached skill level 1 in Hexes
  9131 | D:5      | Reached XP level 9. HP: 45/49 MP: 11/18
  9332 | D:6      | Noticed Prince Ribbit
  9337 | D:6      | Killed Prince Ribbit
  9510 | D:6      | Reached skill level 5 in Dodging
  9614 | D:6      | Noticed a two-headed ogre
  9620 | D:6      | Killed a two-headed ogre
  9621 | D:6      | Reached skill level 5 in Stealth
 10143 | D:6      | Reached skill level 10 in Conjurations
 11028 | D:6      | Reached XP level 10. HP: 56/56 MP: 15/20
 11505 | D:6      | Identified the ring "Lexzoat" {rC++ rCorr MP+9 Int-2}
 13094 | D:3      | Bought an embroidered scarf for 176 gold pieces
 13444 | D:7      | Noticed a red ugly thing
 13503 | D:7      | Reached * piety under Vehumet
 13503 | D:7      | Offered knowledge of Freeze by Vehumet.
 13504 | D:7      | Identified the +1 robe of Card Tricks {Fly}
 14210 | D:7      | Noticed a two-headed ogre
 14218 | D:7      | Killed a two-headed ogre
 14302 | D:7      | Killed a red ugly thing
 14338 | D:7      | Noticed a gargoyle
 15245 | D:8      | Reached skill level 5 in Fighting
 15715 | D:8      | Reached skill level 11 in Conjurations
 15720 | D:8      | Reached XP level 11. HP: 63/63 MP: 18/22
 16342 | D:9      | Found a staircase to the Orcish Mines.
 16859 | D:9      | Noticed Maggie
 16961 | D:9      | Found a staircase to the Lair.
 17016 | Lair:1   | Entered Level 1 of the Lair of Beasts
 17247 | Lair:1   | Reached skill level 1 in Shields
 17668 | Lair:1   | Offered knowledge of Shock by Vehumet.
 18071 | Lair:1   | Noticed an eight-headed hydra
 18272 | Lair:1   | Found an iron altar of Okawaru.
 18883 | Lair:1   | Reached ** piety under Vehumet
 19864 | Lair:1   | Killed an eight-headed hydra
 20160 | D:9      | Killed Maggie
 20165 | D:9      | Identified a scroll of acquirement
 20165 | D:9      | Acquired the ring of Zaergh {*Slow rElec rC+++ Will+
                  | Stlth+}
 20539 | D:9      | Reached skill level 1 in Evocations
 21260 | D:3      | Bought a tin of tremorstones (2/2) for 880 gold pieces
 22209 | Lair:2   | Reached XP level 12. HP: 39/70 MP: 24/24
 22924 | Lair:2   | Identified the +0 robe "Hijiaful" {Rampage *Corrode Str+4}
 23465 | Lair:3   | Noticed an eight-headed hydra
 23477 | Lair:3   | Killed an eight-headed hydra
 23494 | Lair:3   | Reached skill level 1 in Armour
 24304 | Lair:3   | Found a hole to the Spider Nest.
 24619 | Lair:3   | Reached skill level 5 in Translocations
 25836 | Lair:4   | Found a staircase to the Swamp.
 26933 | Lair:4   | Reached skill level 12 in Conjurations
 28049 | Lair:4   | Reached skill level 5 in Hexes
 28928 | Lair:5   | Found a runed translucent door.
 28928 | Lair:5   | Found a viscous altar of Jiyva.
 28931 | Lair:5   | Found a staircase to the Slime Pits.
 29066 | Lair:5   | Offered knowledge of Poisonous Vapours by Vehumet.
 29176 | Lair:5   | Reached XP level 13. HP: 76/76 MP: 16/26
 31781 | Lair:5   | Identified the +3 scale mail of Lugonu's Approval {Str+2}
 31830 | Lair:6   | Entered Level 6 of the Lair of Beasts
 31984 | Lair:5   | Reached *** piety under Vehumet
 32862 | Lair:6   | Offered knowledge of Olgreb's Toxic Radiance by Vehumet.
 32885 | Lair:6   | Learned a level 4 spell: Olgreb's Toxic Radiance
 34931 | Lair:6   | Reached skill level 1 in Poison Magic
 36971 | Lair:6   | Reached skill level 13 in Conjurations
 36971 | Lair:6   | Reached skill level 5 in Evocations
 37519 | Lair:6   | Learned a level 4 spell: Summon Lightning Spire
 37730 | D:10     | Entered Level 10 of the Dungeon
 37849 | D:10     | Found a glowing golden altar of the Shining One.
 37864 | D:10     | Found a runed translucent gate.
 37864 | D:10     | Found a runed translucent gate.
 37867 | D:10     | Noticed Sobieck's ghost (journeyman SpBe)
 37868 | D:10     | Found a runed translucent gate.
 37870 | D:10     | Noticed a frost giant
 38911 | D:10     | Reached **** piety under Vehumet
 38912 | D:10     | Reached skill level 1 in Air Magic
 39866 | D:11     | Reached skill level 1 in Summonings
 39867 | D:11     | Offered knowledge of Iskenderun's Battlesphere by Vehumet.
 39868 | D:11     | Reached XP level 14. HP: 73/84 MP: 22/27
 42914 | D:12     | Noticed Rupert
 42996 | D:12     | Noticed Azrael
 43001 | D:12     | HP: 4/84 [something/damnation (30)]
 43006 | D:12     | Killed from afar by Azrael

Illustrated notes

Levels and vault maps discovered:
D:1:      eino_arrival_cavern_d, layout_loops_ring, minmay_misc_feat_chi,
          minivault_19, palyth_stone_intersect, minmay_door_square,
          serial_bayou_ford_a, minmay_surrounded
D:2:      layout_loops_ring
D:3:      minmay_chambers_of_threes, layout_loops_ring, basic_ecumenical_altar,
          serial_shops, nicolae_lakefront_shop, minmay_pentangle
D:4:      layout_basic
D:5:      layout_basic, minmay_temple_entry_gardened_gates, uniq_grinder
D:6:      minmay_polygon_palace, layout_basic, serial_rivers,
          chequers_serial_rivers_micro_b, chequers_serial_rivers_small_3,
          chequers_serial_rivers_micro_e, chequers_serial_rivers_micro_e,
          chequers_serial_rivers_micro_a, uniq_prince_ribbit1
D:7:      layout_rooms, kb_rosetta
D:8:      layout_loops_cross, nicolae_underground_beach
D:9:      layout_basic, lair_entry_dummy, orc_0_dummy, uniq_maggie
D:10:     layout_stronghold, tso_metal_star, serial_rivers,
          chequers_serial_rivers_small_3, chequers_serial_rivers_large_b,
          chequers_serial_rivers_micro_e, chequers_serial_rivers_micro_c,
          chequers_serial_rivers_marsh, chequers_serial_rivers_micro_e,
          gammafunk_ghost_split
D:11:     minmay_twisted_water, layout_irregular_city, chequers_avenue
D:12:     layout_roguey, worldfamousw_hep_ancestral_shrine, uniq_rupert,
          uniq_azrael
Temple:   compressed_dpeg_triangle_lava_temple
Lair:1:   wander_river, layout_cave_shapes, basic_altar, hibernation_bobbens
Lair:2:   layout_roguey, nicolae_quartered_pool_medium,
          chequers_serial_rivers_micro_d, lemuel_fruit_fields,
          infiniplex_staircase_pool_2
Lair:3:   layout_gridlike, spider_nest_entry_webs, infiniplex_staircase_pool,
          lemuel_fruit_fields
Lair:4:   layout_loops_ring, skrybe_swamp_entry_bodies, grunt_megastairs_4,
          serial_bayou_shore_b, serial_bayou_shore_a
Lair:5:   layout_regular_city, slime_altar_2, enter_volcano_1,
          gauntlet_entry_generic, grunt_megastairs_1
Lair:6:   grunt_lair_end_beastmaster, layout_regular_city, serial_forest,
          infiniplex_forest_pool, infiniplex_forest_straight_4,
          infiniplex_forest_clump_long, infiniplex_forest_clump_medium,
          infiniplex_forest_straight_2, infiniplex_forest_end_2

Skill      XL: |  1  2  3  4  5  6  7  8  9 10 11 12 13 14 |
---------------+-------------------------------------------+-----
Conjurations   | 6 7 8 9 10 11 12 13 | 13.2
Stealth        | 3 4 5 6 7 8 9 |  9.6
Spellcasting   | 3 4 5 6 7 8 9 |  9.0
Short Blades   | 1 2 3 |  3.1
Dodging        | 3 4 5 7 8 9 |  9.8
Fighting       | 1 2 3 5 6 7 8 |  8.1
Translocations | 1 2 3 4 5 6 |  6.5
Hexes          | 1 2 3 4 5 |  5.5
Shields        | 3 4 |  4.0
Evocations     | 1 3 5 |  5.4
Armour         | 3 |  3.0
Poison Magic   | 2 |  2.8
Air Magic      | 1 2 |  2.4
Summonings     | 1 2 |  2.3

Action                   |  1- 3 |  4- 6 |  7- 9 | 10-12 | 13-15 || total
-------------------------+-------+-------+-------+-------+-------++-------
Melee: Short sword       |       |    26 |    23 |       |       ||    49
       Kick              |       |     5 |     6 |    39 |    23 ||    73
       Peck              |       |     1 |     3 |    21 |    13 ||    38
       Whip              |       |       |     3 |   151 |    80 ||   234
 Cast: Magic Dart        |    84 |    95 |    66 |   257 |   274 ||   776
       Searing Ray       |       |     7 |    29 |   113 |    60 ||   209
       Iskenderun's Myst |       |       |       |    35 |   105 ||   140
       Fulminant Prism   |       |       |       |     3 |    45 ||    48
       Dazzling Flash    |       |       |       |     1 |       ||     1
Evoke: Wand              |       |       |       |    17 |     9 ||    26
       Tin of tremorston |       |       |       |     2 |     2 ||     4
  Use: Scroll            |       |       |    17 |    14 |     9 ||    40
       Potion            |       |       |       |     6 |     1 ||     7
 Stab: Sleeping          |       |       |     1 |     1 |     1 ||     3
       Invisible         |       |       |       |     1 |       ||     1
Armor: Robe              |     3 |    14 |     9 |    14 |    31 ||    71
       Leather armour    |       |       |       |    16 |    20 ||    36
Dodge: Dodged            |     7 |    70 |    61 |   309 |   257 ||   704
Block: Buckler           |       |       |       |    84 |    69 ||   153

Table legend: (Time is in decaauts)
 A = Elapsed time spent in this place.
 B = Non-inter-level travel time spent in this place.
 C = Inter-level travel time spent in this place.
 D = Time resting spent in this place.
 E = Time spent auto-exploring this place.
 F = Levels seen in this place.
 G = Mean time per level.
                   A        B        C        D        E       F      G
               +--------+--------+--------+--------+--------+-----+--------+
         Total |  41815 |  40370 |   1445 |  23613 |  11952 |  19 | 2200.8 |
       Dungeon |  23104 |  22119 |    985 |  11812 |   7718 |  12 | 1925.3 |
        Temple |     99 |     95 |      4 |     88 |      0 |   1 |   99.0 |
          Lair |  18611 |  18157 |    454 |  11713 |   4234 |   6 | 3101.8 |
               +--------+--------+--------+--------+--------+-----+--------+

Top non-repeatable levels by time:
  Lair:6: 5048 daAuts
     D:6: 4116 daAuts
     D:3: 3210 daAuts
  Lair:3: 3205 daAuts
  Lair:1: 3116 daAuts
    D:11: 2990 daAuts
  Lair:5: 2977 daAuts
  Lair:4: 2536 daAuts
     D:5: 2247 daAuts
    D:10: 2100 daAuts
     D:9: 1792 daAuts
  Lair:2: 1727 daAuts
     D:2: 1608 daAuts
     D:4: 1546 daAuts
     D:7: 1312 daAuts
